 Dungeon Crawl Stone Soup version 0.14-a0-953-g9e7f188 (console) character file.

1328 Radost the Grave Robber (level 8, -8/62 HPs)
             Began as a Deep Dwarf Necromancer on Nov 17, 2013.
             Was a Follower of Yredelemnul.
             Mangled by an orc warrior
             ... wielding a -1,+1 orcish battleaxe
              (10 damage)
             ... on Level 6 of the Dungeon on Nov 20, 2013.
             The game lasted 03:23:48 (6569 turns).

Radost the Grave Robber (Deep Dwarf Necromancer)    Turns: 6569, Time: 03:23:48

HP  -8/62        AC  7     Str 11      XL: 8   Next:  0%
MP   1/18        EV  7     Int 18      God: Yredelemnul [*.....]
Gold 328         SH 17     Dex 14      Spells:  5 memorised,  3 levels left

Res.Fire  : . . .   See Invis. : .   h - +0 war axe (curse)
Res.Cold  : . . .   Warding    : .   v - +0 elf ring mail
Life Prot.: . . .   Conserve   : .   e - +0 shield (curse)
Res.Poison: .       Res.Corr.  : .   (no helmet)
Res.Elec. : .       Clarity    : .   (no cloak)
Sust.Abil.: . .     Spirit.Shd : .   J - +0 pair of gauntlets
Res.Mut.  : .       Stasis     : .   (no boots)
Res.Rott. : .       Flight     : .   (no amulet)
Saprovore : . . .                    (no ring)
                                     (no ring)

@: non-regenerating, about to teleport, very slightly contaminated, somewhat
resistant to hostile enchantments, unstealthy
A: damage resistance, recharge devices, sense surroundings 1, slow healing 3
a: Device Recharging, Animate Remains, Renounce Religion


You were on level 6 of the Dungeon.
You worshipped Yredelemnul.
Yredelemnul was aware of your devotion.
You were hungry.

You visited 1 branch of the dungeon, and saw 6 of its levels.
You also visited: Sewer.

You collected 328 gold pieces.

Inventory:

Hand weapons
 a - a +0,+0 trident
 h - a cursed +0,+0 war axe (weapon)
 k - a +0,+0 spear
 w - a +0 blowgun
 y - a +0,+1 orcish dagger
 M - a +0,+2 hand axe
 T - a +0,+0 quarterstaff
Missiles
 j - 4 curare-tipped needles
 o - 13 sling bullets of frost
 r - 36 darts (quivered)
 u - 19 poisoned needles
 X - a throwing net
Armour
 e - a cursed +0 shield (worn)
 s - a +0 orcish leather armour
 v - a +0 elven ring mail (worn)
 J - a +0 pair of gauntlets (worn)
Magical devices
 c - a wand of heal wounds (0)
 x - a wand of draining (7) {unknown}
 I - a wand of disintegration (12) {unknown}
 R - a wand of digging (16) {unknown}
 S - a wand of paralysis (17) {unknown}
Comestibles
 d - 2 bread rations
 U - an apple
Scrolls
 f - a scroll of remove curse {unknown}
 m - a scroll of recharging {not remove curse, unknown}
 n - a scroll of fog {unknown}
 t - 2 scrolls of amnesia
 E - a scroll of teleportation
 K - a scroll of curse jewellery {unknown}
 L - a scroll of blinking {unknown}
 N - a scroll of enchant weapon II {unknown}
 O - a scroll of enchant armour {unknown}
 P - a scroll of identify {unknown}
Jewellery
 g - an uncursed ring of fire {unknown}
 l - an uncursed ring of magical power {unknown}
 z - an uncursed ring of protection from fire {unknown}
 G - an uncursed amulet of warding {unknown}
Potions
 i - 3 potions of heal wounds {unknown}
 p - a potion of paralysis {unknown}
 q - 3 potions of curing {unknown}
 D - 2 potions of might {unknown}
 F - a potion of coagulated blood
 Q - a potion of brilliance {unknown}
 V - a potion of mutation {unknown}
Books
 b - a book of Necromancy

   Spells                             Type                      Level
   *Pain                              Necromancy                   1
   *Animate Skeleton                  Necromancy                   1
   Lethal Infusion                    Charms/Necromancy            2
   *Vampiric Draining                 Necromancy                   3
   Regeneration                       Charms/Necromancy            3
   *Animate Dead                      Necromancy                   4
   *Control Undead                    Necromancy                   4


   Skills:
 - Level 4.1 Axes
 + Level 4.6 Armour
 - Level 2.1 Dodging
 - Level 2.4 Stealth
 - Level 3.1 Shields
 + Level 4.8 Spellcasting
 - Level 5.0 Necromancy


You had 3 spell levels left.
You knew the following spells:

 Your Spells              Type           Power        Failure   Level  Hunger
a - Pain                  Necr           ###.         10%         1    None
b - Animate Skeleton      Necr           N/A          10%         1    None
c - Vampiric Draining     Necr           ###.......   28%         3    ###....
d - Animate Dead          Necr           N/A          83%         4    ####...
e - Control Undead        Necr           ###.......   83%         4    ####...


Dungeon Overview and Level Annotations

Branches:
Dungeon (6/16)             Temple (0/1) D:4
    Orc: D:6-11

Altars:
Kikubaaqudgha
Xom
Yredelemnul


Innate Abilities, Weirdness & Mutations

You are resistant to damage.
You can recharge devices by infusing magical energy.
You passively map a small area around you.
You do not heal naturally.


Message History

Aim: an orc warrior, wielding an orcish battleaxe and wearing an orcish plate armour (lightly wounded)
The orc warrior convulses in agony!
You block the orc warrior's attack.
You hit the orc warrior.
The orc warrior is moderately wounded.
The orc warrior hits you with an orcish battleaxe!
You hit the orc warrior but do no damage.
The orc warrior is moderately wounded.
The orc warrior hits you with an orcish battleaxe.
You barely miss the orc warrior.
The orc warrior is moderately wounded.
The orc warrior hits you with an orcish battleaxe!
* * * LOW HITPOINT WARNING * * *
Drink which item? (? for menu, Esc to quit)
Okay, then.
Read which item? (? for menu, Esc to quit)
As you read the scroll of teleportation, it crumbles to dust.
You feel strangely unstable.
The orc warrior hits you with an orcish battleaxe!
You die...
Your body rises from the dead as a mindless zombie.

########################
........................
.................zzz....
,
.........(......#####....
........@(......# #...#
###.....o)#####.# #...#
#.......# #.# #...#
#.....).# #.# #...# , ,
#...(...# #.# #...#
#..[....# #.# #...# ,
#.......# #.# #...# *
#........., ..# *#...# *
#........... . > ..# ,
o......#### ** *
..(.....# .


You could see an orc warrior.

Vanquished Creatures
  An ice beast (D:5)
  A phantom (D:4)
  A giant frog (Sewer)
  A crimson imp (D:5)
  4 hounds
  A water moccasin zombie (D:6)
  3 worker ants (D:5)
  An iguana (D:4)
  An orc wizard (D:3)
  A scorpion (D:5)
  2 gnolls (D:6)
  7 adders
  2 green rats (D:5)
  3 giant mites (Sewer)
  A giant eyeball (D:4)
  5 giant geckos
  2 oozes (D:3)
  10 orcs
  6 bats
  8 giant cockroaches
  14 goblins
  3 grey rats (D:5)
  13 hobgoblins
  A jackal (D:3)
  3 quokkas
  2 ball pythons (Sewer)
  7 giant newts
  A giant spore (D:5)
  A jackal skeleton (D:4)
  8 kobolds
  8 rats
  4 ballistomycetes (D:5)
126 creatures vanquished.

Vanquished Creatures (collateral kills)
  A giant frog (Sewer)
  A scorpion (D:4)
  Ijyb (D:3)
  A gnoll (D:6)
  2 giant mites
  A giant gecko (D:4)
  An ooze (D:3)
  2 orcs (D:3)
  4 giant cockroaches
  3 goblins
  3 hobgoblins
  2 bats
  3 giant newts
  A kobold (D:3)
  4 rats
  A ballistomycete (D:5)
31 creatures vanquished.

Vanquished Creatures (others)
  2 hound zombies
  A worker ant zombie (D:5)
  An adder skeleton (D:2)
  An adder zombie (D:5)
  A scorpion zombie (D:5)
  2 bat skeletons
  A bat zombie (D:3)
  A giant mite zombie (D:5)
  A ball python zombie (Sewer)
  A giant cockroach zombie (Sewer)
  A giant gecko skeleton (D:3)
  A giant gecko zombie (Sewer)
  2 giant newt zombies
  A giant spore (D:5)
  A gnoll skeleton (D:6)
  A gnoll zombie (D:6)
  3 goblin skeletons
  3 goblin zombies
  A grey rat zombie (D:5)
  2 hobgoblin skeletons (D:2)
  A hobgoblin zombie (D:3)
  4 kobold skeletons
  A kobold zombie (D:3)
  4 orc skeletons (D:3)
  A quokka skeleton (D:3)
  A rat skeleton (D:1)
  2 rat zombies
42 creatures vanquished.

Grand Total: 199 creatures vanquished

Notes
Turn   | Place    | Note
--------------------------------------------------------------
     0 | D:1      | Radost, the Deep Dwarf Necromancer, began the quest for the Orb.
     0 | D:1      | Reached XP level 1. HP: 15/15 MP: 3/3
     2 | D:1      | Learned a level 1 spell: Animate Skeleton
   195 | D:1      | Reached skill level 1 in Shields
   258 | D:1      | Reached XP level 2. HP: 20/22 MP: 2/4
   479 | D:1      | Upgraded the game from 0.14-a0-882-gdff4d47 to 0.14-a0-932-g154aeca
   880 | D:2      | Reached XP level 3. HP: 26/28 MP: 1/6
   885 | D:2      | Learned a level 3 spell: Vampiric Draining
  1320 | D:2      | Found a basalt altar of Yredelemnul.
  1415 | D:2      | Learned a level 3 spell: Vampiric Draining
  1430 | D:2      | Became a worshipper of Yredelemnul the Dark
  1799 | D:3      | Reached skill level 5 in Necromancy
  1799 | D:3      | Reached XP level 4. HP: 36/36 MP: 6/8
  1928 | D:3      | Noticed Ijyb
  1947 | D:3      | Killed Ijyb
  1947 | D:3      | Reached skill level 1 in Axes
  2254 | D:3      | Acquired Yredelemnul's first power
  2733 | D:3      | Reached XP level 5. HP: 37/42 MP: 8/10
  2740 | D:3      | Learned a level 4 spell: Animate Dead
  2801 | D:3      | Noticed a shadow
  3443 | D:4      | Found a shimmering altar of Xom.
  3462 | D:4      | Noticed a phantom
  3799 | D:4      | Paralysed by a giant eyeball for 4 turns
  3805 | D:4      | Paralysed by a giant eyeball for 2 turns
  3850 | D:4      | Killed a phantom
  3903 | D:4      | Reached XP level 6. HP: 43/49 MP: 0/12
  4095 | D:4      | Reached skill level 1 in Armour
  4114 | D:4      | Found an ancient bone altar of Kikubaaqudgha.
  4328 | D:4      | Found a staircase to the Ecumenical Temple.
  4439 | D:5      | Entered Level 5 of the Dungeon
  4520 | D:5      | Found a glowing drain.
  4527 | D:5      | Upgraded the game from 0.14-a0-932-g154aeca to 0.14-a0-953-g9e7f188
  4528 | D:5      | Acquired Yredelemnul's second power
  4570 | Sewer    | Entered a sewer
  4970 | Sewer    | Reached XP level 7. HP: 13/55 MP: 12/15
  5358 | D:5      | Learned a level 4 spell: Control Undead
  6550 | D:6      | Reached XP level 8. HP: 41/62 MP: 8/18
  6568 | D:6      | HP: 2/62 [orc warrior/orcish battleaxe (20)]
  6569 | D:6      | Mangled by an orc warrior

Action                   |  1- 3 |  4- 6 |  7- 9 || total
-------------------------+-------+-------+-------++-------
Melee: Dagger            |    24 |       |       ||    24
       Short sword       |    11 |       |       ||    11
       War axe           |     8 |   123 |    65 ||   196
Throw: Dart              |     8 |    14 |    19 ||    41
 Cast: Pain              |    40 |    66 |    30 ||   136
       Animate Skeleton  |    14 |     6 |       ||    20
       Vampiric Draining |     2 |    18 |     7 ||    27
Invok: Animate Remains   |       |    28 |     8 ||    36
       Injury Mirror     |       |       |     4 ||     4
Evoke: Wand              |     2 |       |     3 ||     5
  Use: Scroll            |     6 |     1 |     3 ||    10
 Stab: Distracted        |       |       |     1 ||     1
